| TOP OF THE 1ST |
|
Renton Wrecks batting - Pitching for Walla Walla Walleyes : RHP Jorge Espinoza
|
|
Pitching: RHP Jorge Espinoza
|
|
|
Batting: RHB Rolando Pino
|
0-0: Called Strike 0-1: Reached on error, E3 (Groundball, 34, EV 101.9 MPH)
|
|
Batting: SHB Ethan Charles
|
0-0: Called Strike 0-1: Called Strike 0-2: Ball 1-2: Ball 2-2: SINGLE (Groundball, 56D, EV 95.0 MPH) Rolando Pino to second
|
|
Batting: RHB Luis Gomez
|
0-0: Foul Ball, location: 2F 0-1: Foul Ball, location: 2F 0-2: Ball 1-2: Fielders Choice at 2nd, 5-4 (Groundball, 56, EV 107.5 MPH) Rolando Pino to third
|
|
Batting: RHB Stan Holmes
|
0-0: Called Strike 0-1: Swinging Strike 0-2: Ball 1-2: SINGLE (Line Drive, 9S, EV 109.4 MPH) Rolando Pino scores Luis Gomez to second
|
|
Batting: RHB Andrew Pratt
|
0-0: Swinging Strike 0-1: Ball Luis Gomez steals 3rd base Stan Holmes to second 1-1: Fly out, F7 (Flyball, 7LS, EV 80.6 MPH)
|
|
Batting: LHB Paul Thoutsis
|
0-0: Ball 1-0: Ground out 4-3 (Groundball, 4, EV 87.5 MPH)
|
| Top of the 1st over - 1 run, 2 hits, 1 error, 2 left on base; Renton 1 - Walla Walla 0 |
| BOTTOM OF THE 1ST |
|
Walla Walla Walleyes batting - Pitching for Renton Wrecks : RHP Willie Blas
|
|
Pitching: RHP Willie Blas
|
|
|
Batting: RHB Osbe Hoskins
|
0-0: Ball 1-0: Ball 2-0: Ball 3-0: Called Strike 3-1: Base on Balls
|
|
Batting: RHB John Cortez
|
0-0: Ball 1-0: SINGLE (Flyball, 56D, EV 86.9 MPH) Osbe Hoskins to second
|
|
Batting: RHB Curtis Burke
|
0-0: Foul Ball, location: 2F 0-1: Fielders Choice at 2nd, 5-4 (Groundball, 5S, EV 80.0 MPH) Osbe Hoskins to third
|
|
Batting: LHB Brian Hartsock
|
0-0: Ball 1-0: Ball 2-0: Ball 3-0: Called Strike 3-1: Swinging Strike 3-2: Foul Ball, location: 2F 3-2: Base on Balls Curtis Burke to second
|
|
Batting: SHB Rafael Rivas
|
0-0: Called Strike 0-1: Ball 1-1: Called Strike 1-2: Strikes out swinging
|
|
Batting: SHB Leo Cardenas
|
0-0: Called Strike 0-1: Ground out 4-3 (Groundball, 4, EV 90.0 MPH)
|
| Bottom of the 1st over - 0 runs, 1 hit, 0 errors, 3 left on base; Renton 1 - Walla Walla 0 |
| TOP OF THE 2ND |
|
Renton Wrecks batting - Pitching for Walla Walla Walleyes : RHP Jorge Espinoza
|
|
Batting: RHB Frank Garcia
|
0-0: Ball 1-0: Ball 2-0: Ball 3-0: Called Strike 3-1: Base on Balls
|
|
Batting: LHB Melvin Taylor
|
0-0: Ball 1-0: Grounds into double play, 5-4-3 (Groundball, 5, EV 93.1 MPH)
|
|
Batting: RHB Mike Knox
|
0-0: Fly out, F7 (Line Drive, 7D, EV 95.0 MPH)
|
| Top of the 2nd over - 0 runs, 0 hits, 0 errors, 0 left on base; Renton 1 - Walla Walla 0 |
| BOTTOM OF THE 2ND |
|
Walla Walla Walleyes batting - Pitching for Renton Wrecks : RHP Willie Blas
|
|
Batting: SHB Jeff McKnight
|
0-0: Called Strike 0-1: Ball 1-1: Ground out 6-3 (Groundball, 56D, EV 89.4 MPH)
|
|
Batting: RHB Wes Kent
|
0-0: Ball 1-0: Foul Ball, location: 2F 1-1: Called Strike 1-2: SINGLE (Groundball, 56D, EV 100.0 MPH)
|
|
Batting: RHB Mitch Lyden
|
0-0: Called Strike 0-1: Fly out, F7 (Line Drive, 7D, EV 91.9 MPH)
|
|
Batting: RHB Osbe Hoskins
|
0-0: Called Strike 0-1: Swinging Strike 0-2: Ground out 4-3 (Groundball, 4, EV 89.4 MPH)
|
| Bottom of the 2nd over - 0 runs, 1 hit, 0 errors, 1 left on base; Renton 1 - Walla Walla 0 |
| TOP OF THE 3RD |
|
Renton Wrecks batting - Pitching for Walla Walla Walleyes : RHP Jorge Espinoza
|
|
Batting: RHB Rolando Pino
|
0-0: Foul Ball, location: 2F 0-1: Ball 1-1: Foul Ball, location: 2F 1-2: Ground out 4-3 (Groundball, 4, EV 93.1 MPH)
|
|
Batting: SHB Ethan Charles
|
0-0: Called Strike 0-1: Swinging Strike 0-2: Foul Ball, location: 2F 0-2: Strikes out looking
|
|
Batting: RHB Luis Gomez
|
0-0: Ground out 6-3 (Groundball, 56, EV 81.9 MPH)
|
| Top of the 3rd over - 0 runs, 0 hits, 0 errors, 0 left on base; Renton 1 - Walla Walla 0 |
| BOTTOM OF THE 3RD |
|
Walla Walla Walleyes batting - Pitching for Renton Wrecks : RHP Willie Blas
|
|
Batting: RHB John Cortez
|
0-0: Ball 1-0: Fly out, F8 (Line Drive, 8RD, EV 91.3 MPH)
|
|
Batting: RHB Curtis Burke
|
0-0: Ball 1-0: Foul Ball, location: 2F 1-1: Foul Ball, location: 2F 1-2: SOLO HOME RUN (Flyball, 7LD, EV 102.5 MPH), Distance : 352 ft
|
|
Batting: LHB Brian Hartsock
|
0-0: Ball 1-0: Foul Ball, location: 2F 1-1: Ball 2-1: Foul Ball, location: 2F 2-2: Ball 3-2: SINGLE (Groundball, 6MD, EV 93.8 MPH)
|
|
Batting: SHB Rafael Rivas
|
0-0: Fielders Choice at 2nd, 4-6 (Groundball, 4S, EV 90.6 MPH)
|
|
Batting: SHB Leo Cardenas
|
0-0: Ball Rafael Rivas is caught stealing 2nd base 2-6
|
| Bottom of the 3rd over - 1 run, 2 hits, 0 errors, 0 left on base; Renton 1 - Walla Walla 1 |
| TOP OF THE 4TH |
|
Renton Wrecks batting - Pitching for Walla Walla Walleyes : RHP Jorge Espinoza
|
|
Batting: RHB Stan Holmes
|
0-0: Swinging Strike 0-1: Swinging Strike 0-2: Strikes out swinging, 2-3 out at first.
|
|
Batting: RHB Andrew Pratt
|
0-0: Ball 1-0: Ball 2-0: Called Strike 2-1: Foul Ball, location: 2F 2-2: Ground out 6-3 (Groundball, 6, EV 91.3 MPH)
|
|
Batting: LHB Paul Thoutsis
|
0-0: Ball 1-0: Called Strike 1-1: Fly out, F5 (Popup, 56S, EV 78.1 MPH)
|
| Top of the 4th over - 0 runs, 0 hits, 0 errors, 0 left on base; Renton 1 - Walla Walla 1 |
| BOTTOM OF THE 4TH |
|
Walla Walla Walleyes batting - Pitching for Renton Wrecks : RHP Willie Blas
|
|
Batting: SHB Leo Cardenas
|
0-0: Ball 1-0: Ball 2-0: Ball 3-0: Base on Balls
|
|
Batting: SHB Jeff McKnight
|
0-0: Ball 1-0: Foul Ball, location: 2F 1-1: Ball 2-1: Ball 3-1: Base on Balls Leo Cardenas to second
|
|
Batting: RHB Wes Kent
|
0-0: Foul Ball, location: 2F 0-1: Foul Ball, location: 2F 0-2: Foul Ball, location: 2F 0-2: Foul Ball, location: 2F 0-2: Strikes out swinging
|
|
Batting: RHB Mitch Lyden
|
0-0: Swinging Strike 0-1: Ball 1-1: Ball 2-1: Swinging Strike 2-2: Fly out, F8 (Flyball, 78D, EV 97.5 MPH)
|
|
Batting: RHB Osbe Hoskins
|
0-0: Swinging Strike 0-1: Called Strike 0-2: Foul Ball, location: 2F 0-2: Ball 1-2: Ground out 4-3 (Groundball, 4, EV 95.0 MPH)
|
| Bottom of the 4th over - 0 runs, 0 hits, 0 errors, 2 left on base; Renton 1 - Walla Walla 1 |
| TOP OF THE 5TH |
|
Renton Wrecks batting - Pitching for Walla Walla Walleyes : RHP Jorge Espinoza
|
|
Batting: RHB Frank Garcia
|
0-0: Foul Ball, location: 2F 0-1: Ball 1-1: Ground out U3 (Groundball, 34, EV 103.1 MPH)
|
|
Batting: LHB Melvin Taylor
|
0-0: Ball 1-0: Ball 2-0: Ground out U3 (Groundball, 34S, EV 81.9 MPH)
|
|
Batting: RHB Mike Knox
|
0-0: Ball 1-0: Foul Ball, location: 2F 1-1: Ball 2-1: Ball 3-1: Base on Balls
|
|
Batting: RHB Rolando Pino
|
0-0: Ball 1-0: Ball 2-0: Ball 3-0: Called Strike 3-1: Foul Ball, location: 2F 3-2: Foul Ball, location: 2F 3-2: Strikes out swinging
|
| Top of the 5th over - 0 runs, 0 hits, 0 errors, 1 left on base; Renton 1 - Walla Walla 1 |
| BOTTOM OF THE 5TH |
|
Walla Walla Walleyes batting - Pitching for Renton Wrecks : RHP Willie Blas
|
|
Batting: RHB John Cortez
|
0-0: Ball 1-0: Ball 2-0: Ball 3-0: Called Strike 3-1: Base on Balls
|
|
Batting: RHB Curtis Burke
|
0-0: Ball 1-0: Foul Ball, location: 2F 1-1: Fly out, F8 (Flyball, 8RM, EV 87.5 MPH)
|
|
Batting: LHB Brian Hartsock
|
0-0: Ball 1-0: Called Strike 1-1: SINGLE (Groundball, 6D, EV 96.3 MPH) John Cortez to second
|
|
Batting: SHB Rafael Rivas
|
0-0: Ball 1-0: Called Strike 1-1: Ball 2-1: Foul Ball, location: 2F 2-2: Strikes out swinging
|
|
Batting: SHB Leo Cardenas
|
0-0: Called Strike 0-1: Ball 1-1: Fly out, F9 (Line Drive, 9, EV 100.6 MPH)
|
| Bottom of the 5th over - 0 runs, 1 hit, 0 errors, 2 left on base; Renton 1 - Walla Walla 1 |
| TOP OF THE 6TH |
|
Renton Wrecks batting - Pitching for Walla Walla Walleyes : RHP Jorge Espinoza
|
|
Batting: SHB Ethan Charles
|
0-0: Ball 1-0: Ball 2-0: Ball 3-0: Base on Balls
|
|
Batting: RHB Luis Gomez
|
0-0: SINGLE (Groundball, 56D, EV 103.8 MPH) Ethan Charles to second
|
|
Batting: RHB Stan Holmes
|
0-0: Ball 1-0: Called Strike 1-1: Ball 2-1: Foul Ball, location: 2F 2-2: Ball 3-2: Foul Ball, location: 2F 3-2: Strikes out swinging
|
|
Batting: RHB Andrew Pratt
|
0-0: Foul Ball, location: 2F 0-1: Ball 1-1: Fly out, F7 (Flyball, 7, EV 94.4 MPH)
|
|
Batting: LHB Paul Thoutsis
|
0-0: Called Strike 0-1: Swinging Strike 0-2: Foul Ball, location: 2F 0-2: Ball 1-2: Foul Ball, location: 2F 1-2: Strikes out swinging
|
| Top of the 6th over - 0 runs, 1 hit, 0 errors, 2 left on base; Renton 1 - Walla Walla 1 |
| BOTTOM OF THE 6TH |
|
Walla Walla Walleyes batting - Pitching for Renton Wrecks : RHP Willie Blas
|
|
Batting: SHB Jeff McKnight
|
0-0: Foul Ball, location: 2F 0-1: Ball 1-1: Ball 2-1: Foul Ball, location: 2F 2-2: Foul Ball, location: 2F 2-2: Foul Ball, location: 2F 2-2: SINGLE (Flyball, 89S, EV 98.8 MPH)
|
|
Batting: RHB Wes Kent
|
0-0: Called Strike 0-1: Fly out, F7 (Flyball, 7LM, EV 81.9 MPH)
|
|
Batting: RHB Mitch Lyden
|
0-0: Called Strike 0-1: Called Strike 0-2: Ball 1-2: Foul Ball, location: 2F 1-2: Ball 2-2: SINGLE (Line Drive, 56D, EV 94.4 MPH) Jeff McKnight to second
|
|
Batting: RHB Osbe Hoskins
|
0-0: Called Strike 0-1: Fly out, F9 (Flyball, 89D, EV 85.0 MPH) Runner from 2nd tags up, SAFE at 3rd, no throw by RF
|
|
Batting: RHB John Cortez
|
0-0: Ball 1-0: Fly out, F7 (Flyball, 7, EV 88.8 MPH)
|
| Bottom of the 6th over - 0 runs, 2 hits, 0 errors, 2 left on base; Renton 1 - Walla Walla 1 |
| TOP OF THE 7TH |
|
Renton Wrecks batting - Pitching for Walla Walla Walleyes : RHP Jorge Espinoza
|
|
Batting: RHB Frank Garcia
|
0-0: Called Strike 0-1: Ball 1-1: Ball 2-1: Foul Ball, location: 2F 2-2: Foul Ball, location: 2F 2-2: Reached on error, E5 (Groundball, 56, EV 91.9 MPH)
|
|
Batting: LHB Melvin Taylor
|
0-0: Ball 1-0: Fielders Choice at 2nd, 4-6 (Groundball, 34, EV 85.6 MPH)
|
|
Batting: RHB Mike Knox
|
0-0: Ball 1-0: Foul Ball, location: 2F 1-1: Ball 2-1: Grounds into double play, 5-4-3 (Groundball, 5S, EV 76.9 MPH)
|
| Top of the 7th over - 0 runs, 0 hits, 1 error, 0 left on base; Renton 1 - Walla Walla 1 |
| BOTTOM OF THE 7TH |
|
Walla Walla Walleyes batting - Pitching for Renton Wrecks : RHP Willie Blas
|
|
Batting: RHB Curtis Burke
|
0-0: Called Strike 0-1: Ball 1-1: Foul Ball, location: 2F 1-2: Foul Ball, location: 2F 1-2: Foul Ball, location: 2F 1-2: Ground out U3 (Groundball, 34S, EV 83.8 MPH)
|
|
Batting: LHB Brian Hartsock
|
0-0: Ball 1-0: Ball 2-0: Ball 3-0: Base on Balls
|
|
Batting: SHB Rafael Rivas
|
0-0: Ball 1-0: Called Strike Brian Hartsock steals 2nd base 1-1: Ball 2-1: Called Strike 2-2: Strikes out swinging
|
|
Batting: SHB Leo Cardenas
|
0-0: Ball 1-0: Foul Ball, location: 2F 1-1: Ball 2-1: Fly out, F9 (Flyball, 9LM, EV 87.5 MPH)
|
| Bottom of the 7th over - 0 runs, 0 hits, 0 errors, 1 left on base; Renton 1 - Walla Walla 1 |
| TOP OF THE 8TH |
|
Renton Wrecks batting - Pitching for Walla Walla Walleyes : RHP Jorge Espinoza
|
|
Batting: RHB Rolando Pino
|
0-0: Ball 1-0: Ball 2-0: Foul Ball, location: 2F 2-1: Ground out 2-3 (Groundball, 13S, EV 62.5 MPH)
|
|
Batting: SHB Ethan Charles
|
0-0: Fly out, F9 (Flyball, 9D, EV 94.4 MPH)
|
|
Batting: RHB Luis Gomez
|
0-0: Ball 1-0: Swinging Strike 1-1: Ground out U3 (Groundball, 3S, EV 88.8 MPH)
|
| Top of the 8th over - 0 runs, 0 hits, 0 errors, 0 left on base; Renton 1 - Walla Walla 1 |
| BOTTOM OF THE 8TH |
|
Walla Walla Walleyes batting - Pitching for Renton Wrecks : RHP Willie Blas
|
|
Batting: SHB Jeff McKnight
|
0-0: Called Strike 0-1: Foul Ball, location: 2F 0-2: Ground out 6-3 (Groundball, 56, EV 101.3 MPH)
|
|
Batting: RHB Wes Kent
|
0-0: Fly out, F3 (Popup, 23F, EV 90.0 MPH)
|
|
Batting: RHB Mitch Lyden
|
0-0: Ball 1-0: SINGLE (Line Drive, 4MD, EV 99.4 MPH)
|
|
Batting: RHB Osbe Hoskins
|
0-0: Ball 1-0: Called Strike 1-1: Ball 2-1: Ball 3-1: SINGLE (Line Drive, 56, EV 107.5 MPH) Mitch Lyden to second
|
|
Batting: RHB John Cortez
|
0-0: Swinging Strike 0-1: Swinging Strike 0-2: Ball 1-2: Foul Ball, location: 2F 1-2: Ball 2-2: Ball 3-2: SINGLE (Groundball, 4MD, EV 110.6 MPH) Mitch Lyden to third Osbe Hoskins to second Mitch Lyden scores Osbe Hoskins to third
|
|
Batting: RHB Curtis Burke
|
0-0: Ball 1-0: Ball 2-0: Foul Ball, location: 2F 2-1: Ball 3-1: Swinging Strike 3-2: Fly out, F9 (Flyball, 89D, EV 86.9 MPH)
|
| Bottom of the 8th over - 1 run, 3 hits, 0 errors, 2 left on base; Renton 1 - Walla Walla 2 |
| TOP OF THE 9TH |
|
Renton Wrecks batting - Pitching for Walla Walla Walleyes : RHP Jorge Espinoza
|
|
Pitching: LHP Alex Marquez
|
|
|
Batting: RHB Stan Holmes
|
0-0: Foul Ball, location: 2F 0-1: Fly out, F4 (Popup, 34, EV 60.6 MPH)
|
|
Batting: RHB Andrew Pratt
|
0-0: Ball 1-0: Foul Ball, location: 2F 1-1: Ground out 4-3 (Groundball, 4, EV 108.1 MPH)
|
|
Pinch Hitting: RHB Jose Leiva
|
0-0: Ball 1-0: Bunted foul 1-1: Ground out 5-3 (Groundball, 56S, EV 83.8 MPH)
|
| Top of the 9th over - 0 runs, 0 hits, 0 errors, 0 left on base; Renton 1 - Walla Walla 2 |
|